AoeStats
← [JaMx] K@l-El

Lombardia

509014836Analyzed
4v4 RM · 8d ago on Sep 25, 2026· 27m 48s· 8 players
Game mode
Random Map
Map size
Large (8 player)
Population
200
Speed
Normal
Resources
Standard
Victory
Conquest
Starting age
Dark Age
Ending age
Imperial Age
RankedLock teamsTeams togetherTeam positionsShared explorationLock speedFull tech treeHidden civsTurbo modeCheats
Victory
Defeat
🇲🇽 Saracens · Mexico
1399
+17
1375
+18
🇲🇽 Maya · Mexico
1336
+19
🇲🇽 Persians · Mexico
1330
+20
🇲🇽 Lithuanians · Mexico
1451
-20
🇯🇵 Britons · Japan
1443
-20
🇵🇪 Romans · Peru
1397
-18
🇺🇸 Maya · United States
1363
-16
Niccals_
6:14 Loom
9:27 Feudal Age
9:55 Double-Bit Axe
9:51 Horse Collar
20:33 Wheelbarrow
21:35 Forging
21:31 Scale Barding Armor
21:43 Bloodlines
28:44 Castle Age
WolfDog2539
0:37 Loom
10:08 Feudal Age
12:48 Double-Bit Axe
14:20 Horse Collar
19:56 Castle Age
18:21 Gold Mining
18:51 Fletching
19:37 Padded Archer Armor
21:48 Wheelbarrow
21:15 Heavy Plow
21:30 Bow Saw
23:12 Hand Cart
23:51 Town Watch
25:30 Eagle Warrior
27:03 Scale Mail Armor
27:14 Forging
27:51 Squires
28:13 Chain Mail Armor
sada-aki
6:02 Loom
8:22 Feudal Age
9:07 Double-Bit Axe
14:21 Padded Archer Armor
20:21 Gold Mining
Fandado
5:10 Loom
10:37 Feudal Age
15:26 Castle Age
13:52 Horse Collar
14:00 Double-Bit Axe
23:11 Wheelbarrow
24:18 Gold Mining
24:48 Bow Saw
|FMG| Donde Estan Mis 5 Pizzas
7:09 Loom
9:13 Feudal Age
10:00 Double-Bit Axe
12:44 Horse Collar
16:03 Forging
18:45 Wheelbarrow
22:29 Castle Age
20:54 Gold Mining
21:27 Scale Barding Armor
21:42 Bloodlines
22:35 Light Cavalry
23:15 Husbandry
23:52 Iron Casting
[JaMx] K@l-El
6:46 Loom
9:16 Feudal Age
9:36 Double-Bit Axe
15:48 Forging
18:31 Wheelbarrow
21:00 Castle Age
19:07 Scale Barding Armor
18:47 Horse Collar
19:38 Bloodlines
19:39 Gold Mining
22:33 Iron Casting
22:20 Chain Barding Armor
22:16 Bow Saw
25:42 Husbandry
sgt peppers s
5:13 Loom
7:24 Loom
10:03 Feudal Age
14:11 Fletching
21:29 Wheelbarrow
21:23 Horse Collar
22:47 Padded Archer Armor
28:43 Castle Age
26:54 Double-Bit Axe
[JaMx] Jack-Dani-els
0:30 Loom
9:07 Feudal Age
10:08 Double-Bit Axe
18:03 Town Watch
19:07 Fletching
19:18 Padded Archer Armor
23:15 Castle Age
23:20 Crossbowman
23:57 Bodkin Arrow
24:19 Leather Archer Armor
26:07 Ballistics
27:59 Horse Collar
Connection lost

Rejoining the realm…

Still unreachable

The connection could not be restored.

Session expired

The server has moved on; the page needs a fresh start.